 Dungeon Crawl Stone Soup version 0.26.0-20-g3ca415f5b8 (webtiles) character file.

Game seed: 4093797420481904234

1430 kaeus the Changer (level 8, -3/54 HPs)
             Began as an Octopode Transmuter on Jan 25, 2021.
             Slain by an orc warrior
             ... wielding a +0 mace
              (7 damage)
             ... on level 5 of the Dungeon.
             The game lasted 00:08:16 (8039 turns).

kaeus the Changer (Octopode Transmuter)             Turns: 8039, Time: 00:08:16

Health: -3/54      AC:  1    Str: 17    XL:     8   Next: 73%
Magic:  14/14      EV: 15    Int: 16    God:
Gold:   315        SH:  0    Dex: 12    Spells: 9/15 levels left

rFire    . . .     SeeInvis .     - Unarmed
rCold    . . .     Faith    .   (no shield)
rNeg     . . .     Spirit   .   (helmet currently unavailable)
rPois    .         Reflect  .   (no amulet)
rElec    .         Harm     .   m - +6 ring of strength (curse)
rCorr    .         Rampage  .   n - ring of stealth
Will     +....                  (no ring)
Stlth    +++++.....             (no ring)
HPRegen  0.18/turn              (no ring)
MPRegen  0.14/turn              (no ring)
                                (no ring)
                                (no ring)

@: appendages
A: almost no armour, stealthy swim, amphibious, 8 rings, constrict 8, tentacle
spike 3, camouflage 1, strong-willed 1, wild magic 2, gelatinous body 1
a: End Transformation


You were on level 5 of the Dungeon.
One of your tentacles had a temporary spike.
You visited 1 branch of the dungeon, and saw 8 of its levels.

You collected 315 gold pieces.

Inventory:

Armour
 c - a +2 hat (melded)
Jewellery
 m - a cursed +6 ring of strength (left tentacle)
 n - a ring of stealth (right tentacle)
Wands
 i - a wand of polymorph (11)
 k - a wand of random effects (7)
 p - a wand of iceblast (11)
Scrolls
 a - 2 scrolls of blinking {unknown}
 b - 2 scrolls of remove curse {unknown}
 d - a scroll of enchant armour {unknown}
 e - a scroll of fear {unknown}
 f - 5 scrolls of identify {unknown}
 g - 2 scrolls of random uselessness {unknown}
 h - 2 scrolls of fog {unknown}
 j - 2 scrolls of amnesia {unknown}
 l - 3 scrolls of magic mapping {unknown}
 o - a scroll of immolation {unknown}
 s - 3 scrolls of teleportation {unknown}
Potions
 r - a potion of brilliance


   Skills:
 + Level 3.8 Fighting
 + Level 4.2 Dodging
 + Level 5.3 Stealth
 + Level 4.9 Unarmed Combat
 + Level 4.0 Spellcasting
 * Level 6.0 Transmutations


You had 9 spell levels left.
You knew the following spells:

 Your Spells              Type           Power        Failure   Level
a - Beastly Appendage     Tmut           72%          4%          1
b - Blade Hands           Tmut           18%          54%         5

Your spell library contained the following spells:

 Spells                   Type           Power        Failure   Level
 Wereblood                Tmut           36%          7%          2
 Spider Form              Tmut/Pois      10%          28%         3
 Ice Form                 Ice/Tmut       20%          61%         4


Dungeon Overview and Level Annotations

Branches:
Dungeon (8/15)
 Temple: D:4-7         Lair: D:8-11

Altars:
Ashenzari
Elyvilon
Nemelex Xobeh
Qazlal
Ru
Trog
The Shining One

Shops:
D:4 :

Annotations:
D:3 2 transporters, dredge's ghost, amateur HuFi
D:5 2 transporters, Sweeb's ghost, novice OpFi


Innate Abilities, Weirdness & Mutations

You cannot wear most types of armour.
You are very stealthy in the water. (Stealth+)
You are amphibious.
You can wear up to eight rings at the same time.
You can use your tentacles to constrict eight enemies at once.
Your skin changes colour to match your surroundings (Stealth+).
Your rubbery body absorbs attacks. (AC +1, EV +1)
One of your tentacles bears a large vicious spike.
You are strong-willed. (Will+)
Your spells are harder to cast, but more powerful.


Message History

The orc warrior is heavily wounded.
You constrict the orc warrior.
The orc warrior hits you with a +0 mace.
* * * LOW HITPOINT WARNING * * *
You take 6 damage, and have 11/54 hp.
MP restored: 14 You tentacle-slap the orc warrior.
The orc warrior is severely wounded.
You constrict the orc warrior, but do no damage.
The orc warrior misses you.
You tentacle-slap the orc warrior.
You pierce the orc warrior, but do no damage.
You squeeze the orc warrior.
The orc warrior is severely wounded.
You constrict the orc warrior, but do no damage.
The phantom hits you!
* * * LOW HITPOINT WARNING * * *
The phantom blinks!
The orc warrior hits you with a +0 mace!
You die...

##..###..##.# #.## #...####
...#.#.#.##.# ##.## ##...#..
##.##.......# #...# #.##.##
......##.#### #...####.###.#
##.##.##.# ##...##.###...
.........# #####..#..# ##..
##....##.# ##...##...## ###
##.##.##.# ##.#######÷#######
......##.# #@o# #.# ##.##...#
##.##.##.# #§.###.# ##....##
#.##.##.# ##.#....# ##....#
#.......# ####.....#.# #....##
###...#####.......##.## ##...###
#.........##........# #.#### #
####...#####.##........# #.# ####
...........#.##..W..##.##### #.##
........................######.##


You could see a phantom and an orc warrior.

Vanquished Creatures
  Grinder (D:5)
  An ice beast (D:5)
  An ogre (D:4)
  A phantom (D:4)
  A water moccasin skeleton (D:4)
  A scorpion (D:5)
  A vampire bat (D:5)
  2 howler monkeys (D:4)
  2 hounds (D:5)
  2 bullfrog skeletons (D:4)
  4 orc priests
  A centaur skeleton (D:4)
  2 worker ants
  Natasha (thrice) (D:2)
  2 orc wizards (D:4)
  11 adders
  A shadow imp (D:5)
  2 white imps
  An ooze (D:1)
  An adder zombie (D:2)
  3 worms
  A dart slug (D:3)
  3 fire bats (D:5)
  2 leopard geckos
  9 orcs
  2 spectral bats (D:5)
  3 bat skeletons (D:5)
  A bat zombie (D:5)
  6 giant cockroaches
  7 goblins
  9 hobgoblins
  11 jackals
  A quokka (D:2)
  21 bats
  A bat simulacrum (D:5)
  2 frilled lizards
  6 kobolds
  2 leopard gecko skeletons
  8 rats
139 creatures vanquished.

Vanquished Creatures (others)
  6 plants (D:3)
6 creatures vanquished.

Grand Total: 145 creatures vanquished

Notes
Turn   | Place    | Note
-------+----------+-------------------------------------------
     0 | D:1      | kaeus the Octopode Transmuter began the quest for the Orb.
     0 | D:1      | Reached XP level 1. HP: 13/13 MP: 3/3
    54 | D:1      | Reached XP level 2. HP: 18/18 MP: 3/5
   665 | D:1      | Reached skill level 1 in Stealth
   972 | D:1      | Reached XP level 3. HP: 18/23 MP: 4/6
  1348 | D:2      | Reached XP level 4. HP: 25/28 MP: 7/7
  1536 | D:2      | Noticed Natasha
  1544 | D:2      | Reached skill level 3 in Transmutations
  1831 | D:2      | Found a stormy altar of Qazlal.
  2183 | D:2      | Killed Natasha
  2184 | D:2      | Reached XP level 5. HP: 31/34 MP: 6/8
  2392 | D:2      | Noticed Natasha
  2405 | D:2      | Killed Natasha
  2561 | D:2      | Noticed Natasha
  2567 | D:2      | Killed Natasha
  2749 | D:3      | Reached XP level 6. HP: 7/39 MP: 8/10
  3027 | D:3      | Noticed dredge's ghost (amateur HuFi)
  3035 | D:3      | Found a transporter.
  3345 | D:3      | Found a white marble altar of Elyvilon.
  3356 | D:3      | Reached skill level 4 in Transmutations
  3393 | D:3      | Found a bloodstained altar of Trog.
  3403 | D:3      | Learned a level 5 spell: Blade Hands
  3407 | D:3      | Found a sparkling altar of Nemelex Xobeh.
  3790 | D:3      | Found a transporter.
  4212 | D:4      | Found Gyvabb's Book Shoppe.
  4229 | D:4      | Reached XP level 7. HP: 34/45 MP: 11/11
  5590 | D:4      | Reached skill level 5 in Transmutations
  6168 | D:4      | Reached XP level 8. HP: 48/52 MP: 13/13
  6217 | D:5      | Entered Level 5 of the Dungeon
  6244 | D:5      | Noticed Sweeb's ghost (novice OpFi)
  6250 | D:5      | Found a transporter.
  6400 | D:5      | Found a transporter.
  6770 | D:5      | You fall into a shaft and drop 3 floors!
  6822 | D:8      | Found a glowing golden altar of the Shining One.
  6825 | D:8      | Found a broken altar of Ashenzari.
  6826 | D:8      | Found a sacrificial altar of Ru.
  6862 | D:7      | Noticed a hornet
  7435 | D:5      | Reached skill level 5 in Stealth
  7939 | D:5      | Noticed Grinder
  7945 | D:5      | Killed Grinder
  7946 | D:5      | Reached skill level 6 in Transmutations
  8034 | D:5      | Gained mutation: You are strong-willed. (Will+) [potion of
                  | mutation]
  8034 | D:5      | Gained mutation: Your spells are a little harder to cast,
                  | but a little more powerful. [potion of mutation]
  8034 | D:5      | Gained mutation: Your spells are harder to cast, but more
                  | powerful. [potion of mutation]
  8034 | D:5      | HP: 2/54 [phantom (7)]
  8039 | D:5      | Slain by an orc warrior

Illustrated notes

Levels and vault maps discovered:
D:1:      ebering_hopf_link, layout_basic
D:2:      layout_loops_ring, nicolae_qazlal_general_emergency, uniq_natasha
D:3:      layout_loops_ring, minmay_overflow_temple_star_quad,
          gammafunk_ghost_gnarly_gnolls
D:4:      layout_gridville, serial_shops, shop
D:5:      layout_loops_cross, gammafunk_ghost_mausoleum, goddamned_bats,
          uniq_grinder
D:6:      layout_loops_ring, minmay_temple_entry_drinking_statues
D:7:      layout_loops_corners, grunt_decor_one_mirror, serial_bayou_pond_b
D:8:      layout_loops_ring, general_overflow_altar, grunt_temple_overflow_open,
          lair_entry_dummy

Skill      XL: |  1  2  3  4  5  6  7  8 |
---------------+-------------------------+-----
Stealth        | 1 2 3 4 5 |  5.3
Transmutations | 3 4 5 6 |  6.0
Fighting       | 2 3 |  3.8
Dodging        | 3 4 |  4.2
Spellcasting   | 3 4 |  4.0
Unarmed Combat | 4 |  4.9

Action                   |  1- 3 |  4- 6 |  7- 9 || total
-------------------------+-------+-------+-------++-------
Melee: Unarmed           |    76 |   128 |   157 ||   361
       Kick              |    21 |    24 |    49 ||    94
       Constrict         |    21 |    32 |    35 ||    88
       Tentacles         |     9 |    25 |    32 ||    66
       Punch             |     1 |     2 |     6 ||     9
 Cast: Beastly Appendage |    19 |    33 |    27 ||    79
  Use: Potion            |       |     3 |     5 ||     8
 Stab: Sleeping          |     8 |    11 |    13 ||    32
Armor: Skin              |    13 |     9 |    27 ||    49
Dodge: Dodged            |    63 |    64 |   123 ||   250
